 Dungeon Crawl Stone Soup version 0.29-a0-275-g389c0b56f3 (webtiles) character file.

Game seed: 15762060298524617555

100 jimonade the Covered (level 4, -1/40 HPs)
             Began as a Minotaur Fighter on Mar 11, 2022.
             Slain by a phantom (3 damage)
             ... on level 3 of the Dungeon.
             The game lasted 00:11:02 (2965 turns).

jimonade the Covered (Minotaur Fighter)             Turns: 2965, Time: 00:11:03

Health: -1/40      AC:  7    Str: 23    XL:     4   Next: 46%
Magic:  3/3        EV:  9    Int:  5    God:
Gold:   96         SH:  4    Dex:  9    Spells: 3/3 levels left

rFire   + . .      SeeInvis .   a - +0 war axe
rCold   + . .      Faith    .   c - +0 buckler
rNeg    . . .      Spirit   .   b - +0 scale mail
rPois   .          Reflect  .   (helmet restricted)
rElec   .          Harm     .   t - scarf {rC+ rF+}
rCorr   .          Rampage  .   (no gloves)
Will    .....                   (no boots)
Stlth   ..........              (no amulet)
HPRegen 0.13/turn               (no ring)
MPRegen 0.08/turn               (no ring)

@: mighty
A: horns 2, retaliatory headbutt
a: no special abilities


You were on level 3 of the Dungeon.
You visited 1 branch of the dungeon, and saw 4 of its levels.

You collected 96 gold pieces.

Inventory:

Hand Weapons
 a - a +0 war axe (weapon)
 g - a +0 mace
 i - a +0 hunting sling
 m - a +0 hand axe
 q - a +0 short sword
 s - a +0 whip
 u - the +1 hunting sling of Resourcefulness {freeze, Str+4}
   (You found it on level 2 of the Dungeon)

   Any ammunition fired from it freezes those it strikes, dealing additional
   cold damage.
   It can also slow down cold-blooded creatures.
   Str:       It affects your strength (+4).
 z - a +3 hunting sling
Missiles
 f - 4 poisoned darts (quivered)
 j - 154 stones
 k - 3 curare-tipped darts
Armour
 b - a +0 scale mail (worn)
 c - a +0 buckler (worn)
 e - a +0 buckler
 n - a +0 scale mail
 o - a +0 leather armour
 r - a +0 ring mail
 t - a scarf of resistance (worn)
 v - a +0 robe
 w - a +0 ring mail
 B - a +0 scale mail
Jewellery
 l - an amulet of faith
 A - an amulet of guardian spirit
Scrolls
 h - 3 scrolls of amnesia {unknown}
 p - 3 scrolls of identify {unknown}
 y - a scroll of enchant armour {unknown}
Potions
 x - 2 potions of heal wounds {unknown}


   Skills:
 * Level 4.1 Fighting
 * Level 3.9 Axes
 + Level 0.2 Slings
 * Level 4.8 Armour
 * Level 4.1 Shields


You had 3 spell levels left.
You didn't know any spells.
Your spell library contained the following spells:

 Spells                   Type           Power      Damage    Failure   Level
 Freeze                   Ice            0%         1d3       86%         1
 Slow                     Hex            0%         N/A       86%         1
 Confusing Touch          Hex            0%         N/A       99%         3
 Vampiric Draining        Necr           0%         2d6       99%         3


Dungeon Overview and Level Annotations

Branches:
Dungeon (4/15)
 Temple: D:4-7

Altars:
Zin

Shops:
D:2 [


Innate Abilities, Weirdness & Mutations

You have a pair of horns on your head.
You reflexively headbutt those who attack you in melee.


Message History

You closely miss the phantom.
The phantom is lightly damaged.
The phantom closely misses you. You block the phantom's attack.
You miss the phantom.
The phantom is lightly damaged.
The phantom hits you!
You hit the phantom.
The phantom is moderately damaged.
You block the phantom's attack.
You hit the phantom but do no damage. You headbutt the phantom.
The phantom is heavily damaged.
The phantom barely misses you. The phantom hits you.
The phantom blinks!
You blink.
The phantom attacks as you move away! The phantom hits you.
The phantom attacks as you move away! The phantom hits you.
The phantom attacks as you move away!
The phantom hits you but does no damage.
The phantom attacks as you move away!
The phantom hits you but does no damage.
The phantom attacks as you move away!
The phantom hits you but does no damage.
You closely miss the phantom.
The phantom is moderately damaged.
The phantom hits you.
* * * LOW HITPOINT WARNING * * *
The phantom blinks!
You blink.
You hit the phantom but do no damage. Your headbutt misses the phantom.
The phantom is moderately damaged.
The phantom hits you!
* * * LOW HITPOINT WARNING * * *
You closely miss the phantom.
The phantom is moderately damaged.
The phantom misses you. The phantom barely misses you.
Press: ? - help, . - travel You can't see that place. [the floor.] Unknown command.
You feel very mighty all of a sudden. The phantom hits you.
You die...

..#...........#....)....#######
.##.#####.#.#.#.#.#####.##....##
.#..............>.....#.##.....#
##....###.#.....รท.###.#.#####..##
#...#.###.#...........#.#...<....
....#.....#.......#####.#.#.##.##
..<.####..#.......# #.#.#...###
###.##........#...# #.#.###.# #
....##.#.......W@.# #.#.# #.# #
..####....#.#.##..#####.#.# #.###
...# ###....#.#.........#.# #....
'#####......#.#...#######.# #####
....#....##.#.....# #.#
....#....##.#.....#######.#
....#....##.#.....#^......#
....#....##.##....#.#...###
....'.......###...#.#.#.#


You could see a phantom.

Vanquished Creatures
  3 adders
  2 worms (D:2)
  2 dart slugs (D:1)
  2 orcs
  9 ball pythons
  5 bats
  3 endoplasms
  3 giant cockroaches
  8 goblins
  4 hobgoblins
  4 jackals (D:2)
  A quokka (D:2)
  2 frilled lizards
  5 kobolds
  5 rats
58 creatures vanquished.

Vanquished Creatures (others)
  3 fungi (D:1)
3 creatures vanquished.

Grand Total: 61 creatures vanquished

Notes
Turn   | Place    | Note
-------+----------+-------------------------------------------
     0 | D:1      | jimonade the Minotaur Fighter began the quest for the Orb.
     0 | D:1      | Reached XP level 1. HP: 19/19 MP: 0/0
    27 | D:1      | Found a faded altar of an unknown god.
   184 | D:1      | Got Plato's Reference Book on the Frostbite
   296 | D:1      | Reached XP level 2. HP: 26/27 MP: 1/1
  1007 | D:2      | Reached XP level 3. HP: 28/33 MP: 2/2
  1662 | D:2      | Reached XP level 4. HP: 38/40 MP: 3/3
  1853 | D:2      | Found Qeablait's Antique Armour Emporium.
  1867 | D:2      | Identified the +1 hunting sling of Resourcefulness {freeze,
                  | Str+4}
  2593 | D:4      | Found a glowing silver altar of Zin.
  2595 | D:4      | Noticed a phantom
  2598 | D:4      | Noticed an ogre
  2963 | D:3      | HP: 2/40 [phantom (8)]
  2965 | D:3      | Slain by a phantom

Illustrated notes

Levels and vault maps discovered:
D:1:      psy_arrival_fountain, layout_loops_cross,
          shapermc_ecumenical_altar_rom_forum, minivault_5
D:2:      layout_rooms, serial_shops, shop, dreamdust_princess_bridge
D:3:      layout_basic, minmay_misc_feat_iff
D:4:      layout_basic, mainiacjoe_overflow_boulevard, serial_curves,
          eino_curves_04, eino_curves_03, eino_curves_01, eino_curves_03,
          serial_park_tiny_2, minmay_ruined_shrine, uniq_natasha

Skill      XL: |  1  2  3 |
---------------+----------+-----
Armour         | 4 |  4.8
Fighting       | 4 |  4.1
Axes           | 3 |  3.9
Shields        | 4 |  4.1
Slings         | |  0.2

Action                   |  1- 3 |  4- 6 || total
-------------------------+-------+-------++-------
Melee: War axe           |    88 |    25 ||   113
       Headbutt          |     9 |     3 ||    12
 Fire: Hunting sling     |       |    18 ||    18
  Use: Potion            |       |     1 ||     1
Armor: Scale mail        |    45 |    19 ||    64
Dodge: Dodged            |    43 |    24 ||    67
Block: Buckler           |    27 |    10 ||    37

Table legend: (Time is in decaauts)
 A = Elapsed time spent in this place.
 B = Non-inter-level travel time spent in this place.
 C = Inter-level travel time spent in this place.
 D = Time resting spent in this place.
 E = Time spent auto-exploring this place.
 F = Levels seen in this place.
 G = Mean time per level.
                   A        B        C        D        E       F      G
               +--------+--------+--------+--------+--------+-----+--------+
         Total |   3019 |   2978 |     41 |    592 |   1500 |   4 |  754.8 |
       Dungeon |   3019 |   2978 |     41 |    592 |   1500 |   4 |  754.8 |
               +--------+--------+--------+--------+--------+-----+--------+

Top non-repeatable levels by time:
     D:2: 1052 daAuts
     D:1: 1007 daAuts
     D:3: 938 daAuts
     D:4: 20 daAuts
